 Dungeon Crawl Stone Soup version 0.29-a0-231-g945431f764 (webtiles) character file.

Game seed: 4144897380261474778

2458 nevergonnagetit the Poker (level 9, -3/66 HPs)
             Began as a Demonspawn Hunter on Feb 28, 2022.
             Slain by a two-headed ogre
             ... wielding a +0 giant club
              (10 damage)
             ... on level 8 of the Dungeon.
             The game lasted 00:20:20 (7235 turns).

nevergonnagetit the Poker (Demonspawn Hunter)       Turns: 7235, Time: 00:20:20

Health: -3/66      AC:  8    Str: 14    XL:     9   Next: 26%
Magic:  9/9        EV: 10    Int: 18    God:
Gold:   543        SH:  0    Dex: 14    Spells: 8/8 levels left

rFire   . . .      SeeInvis .   b - +10 trident of the Spinneret {flame, Int+3}
rCold   . . .      Faith    .   (no shield)
rNeg    . . .      Spirit   .   A - +0 scale mail
rPois   .          Reflect  .   (helmet restricted)
rElec   .          Harm     .   (no cloak)
rCorr   .          Rampage  .   (gloves unavailable)
Will    .....                   x - +0 pair of boots
Stlth   ++........              (no amulet)
HPRegen 0.21/turn               (no ring)
MPRegen 0.11/turn               (no ring)

@: no status effects
A: antennae 1, foul stench 1, powered by death 2, demonic touch 3
a: no special abilities


You were on level 8 of the Dungeon.
You visited 2 branches of the dungeon, and saw 9 of its levels.
You also visited: Sewer.

You collected 543 gold pieces.

Inventory:

Hand Weapons
 a - a +1 hand crossbow
 b - the +10 trident of the Spinneret (weapon) {flame, Int+3}
   (You found it on level 2 of the Dungeon)

   It burns those it strikes, dealing additional fire damage.
   Int:       It affects your intelligence (+3).
 n - a +3 dagger of draining
Armour
 l - a +0 leather armour
 v - a +0 ring mail
 x - a +0 pair of boots (worn)
 A - a +0 scale mail (worn)
Jewellery
 i - a ring of wizardry
 o - a ring of flight
 w - a +4 ring of protection
 D - an amulet of faith
Wands
 m - a wand of paralysis (17)
 B - a wand of digging (2)
Scrolls
 g - a scroll of noise {unknown}
 h - a scroll of enchant armour {unknown}
 j - a scroll of holy word {unknown}
 q - a scroll of blinking {unknown}
 u - a scroll of torment {unknown}
 y - a scroll of fog {unknown}
Potions
 c - a potion of cancellation
 d - 2 potions of brilliance
 e - 2 potions of curing
 k - a potion of degeneration {unknown}
 p - a potion of heal wounds
 r - a potion of invisibility {unknown}
 s - 2 potions of flight
 t - a potion of berserk rage
 z - 2 potions of mutation {unknown}
 C - 2 potions of lignification


   Skills:
 + Level 4.4 Fighting
 * Level 7.9 Polearms
 - Level 4.3 Crossbows
 + Level 3.3 Armour
 - Level 4.0 Dodging
 - Level 5.0 Stealth


You had 8 spell levels left.
You didn't know any spells.
Your spell library contained the following spells:

 Spells                   Type           Power      Damage    Failure   Level
 Magic Dart               Conj           0%         1d3       65%         1
 Searing Ray              Conj           0%         2d4       80%         2
 Fulminant Prism          Conj/Hex       0%         3d6       100%        4


Dungeon Overview and Level Annotations

Branches:
Dungeon (8/15)             Temple (1/1) D:4           Sewer (visited)
   Lair: D:8-11

Altars:
Ashenzari
Cheibriados
Dithmenos
Elyvilon
Fedhas
Hepliaklqana
Kikubaaqudgha
Makhleb
Nemelex Xobeh
Okawaru
Qazlal
Ru
Sif Muna
Trog
Uskayaw
Vehumet
Wu Jian
Xom
Yredelemnul
Zin
The Shining One

Shops:
D:3 [

Annotations:
D:2 Sigmund
D:6 exclusion: vampire
D:8 Gastronok


Innate Abilities, Weirdness & Mutations

You have a pair of small antennae on your head.
You may rarely emit foul miasma when damaged in melee.
You regenerate health from kills.
Your touch may irresistibly damage your foes and sap their willpower.


Message History

Level annotation: Gastronok
There is a stone staircase leading up here.
As you open the door, it creaks loudly!
You hear two shouts!
A two-headed ogre comes into view. It is wielding two +0 giant clubs.
Found a scroll labelled CUUKEE NEACACS.
The two-headed ogre shouts in stereo!
There is an open door here.
You shoot a bolt. The bolt hits the two-headed ogre.
The two-headed ogre is lightly wounded.
You shoot a bolt. The bolt hits the two-headed ogre.
The two-headed ogre is lightly wounded.
You feel clever.
The +10 trident of the Spinneret {flame, Int+3} bursts into flame!
b - the +10 trident of the Spinneret (weapon)
{flame, Int+3} Reach: b) +10 trident of the Spinneret {flame, Int+3}
Press: ? - help, Dir - move target, f/p - two-headed ogre
Aim: a two-headed ogre, wielding two +0 giant clubs (lightly wounded, about 18% to evade the +10 trident of the Spinneret)
You reach to attack!
You barely miss the two-headed ogre.
The two-headed ogre is lightly wounded.
You puncture the two-headed ogre! You burn the two-headed ogre.
You touch the two-headed ogre!
You sap its willpower!
The two-headed ogre is heavily wounded.
The two-headed ogre hits you with a +0 giant club!!
The two-headed ogre hits you with a +0 giant club!
You puncture the two-headed ogre! You burn the two-headed ogre.
You touch the two-headed ogre.
You sap its willpower!
The two-headed ogre is almost dead.
You barely miss the two-headed ogre.
The two-headed ogre is almost dead.
The two-headed ogre hits you with a +0 giant club!!
* * * LOW HITPOINT WARNING * * *
The two-headed ogre hits you but does no damage.
Unknown command.
Okay, then.
You feel much better.
The two-headed ogre hits you with a +0 giant club!!
* * * LOW HITPOINT WARNING * * *
You emit a cloud of foul miasma!
The two-headed ogre hits you with a +0 giant club!
You die...

....... .......
......? .......
....... ####
.......
##..##.......
#....O.......
#...@#....###
#....#....#
##..##....#
##..##....##
#....#.....#
#....#.....#
#.<..#....######
##††##....##...##
##..##.....#....#


You could see a two-headed ogre (weak-willed).

Vanquished Creatures
  3 water moccasins
  2 orc warriors
  An ice beast (D:7)
  4 sky beasts
  2 black bears (D:7)
  A phantom (D:7)
  A kobold brigand (D:7)
  3 scorpions
  A necrophage (D:5)
  3 howler monkeys (D:8)
  A jelly (D:5)
  4 orc priests
  5 hounds
  A gnoll shaman (D:5)
  Jessica (D:2)
  3 iguanas
  3 orc wizards
  7 adders
  8 gnolls
  4 white imps
  An ufetubus (D:4)
  A worm (D:2)
  A dart slug (D:3)
  26 orcs
  8 ball pythons
  12 bats
  5 endoplasms
  3 giant cockroaches
  5 hobgoblins
  9 kobolds
  3 quokkas
  4 frilled lizards
  6 goblins
  5 rats
  3 bushes (D:3)
150 creatures vanquished.

Notes
Turn   | Place    | Note
-------+----------+-------------------------------------------
     0 | D:1      | nevergonnagetit the Demonspawn Hunter began the quest for
                  | the Orb.
     0 | D:1      | Reached XP level 1. HP: 16/16 MP: 1/1
    99 | D:1      | Reached skill level 1 in Stealth
   229 | D:1      | Gained mutation: You regenerate a little health from kills.
                  | [demonic ancestry]
   229 | D:1      | Reached XP level 2. HP: 22/22 MP: 2/2
   671 | D:1      | Found a faded altar of an unknown god.
   909 | D:2      | Noticed Jessica
   919 | D:2      | Killed Jessica
   920 | D:2      | Reached XP level 3. HP: 7/27 MP: 3/3
  1190 | D:2      | Noticed Sigmund
  1372 | D:2      | Gained mutation: You regenerate health from kills. [demonic
                  | ancestry]
  1372 | D:2      | Reached XP level 4. HP: 31/33 MP: 4/4
  1391 | D:2      | Identified the +10 trident of the Spinneret {flame, Int+3}
  1840 | D:2      | Reached skill level 1 in Polearms
  2050 | D:3      | Found a blossoming altar of Fedhas.
  2050 | D:3      | Found a hazy altar of Hepliaklqana.
  2069 | D:3      | Discovered your monstrous ancestry.
  2069 | D:3      | Gained mutation: You have a pair of small antennae on your
                  | head. [demonic ancestry]
  2069 | D:3      | Reached XP level 5. HP: 38/38 MP: 5/5
  2079 | D:3      | Found a snail-covered altar of Cheibriados.
  2179 | D:3      | Found Soopraut's Armour Emporium.
  2309 | D:3      | Found a stormy altar of Qazlal.
  2315 | D:3      | Noticed a fire elemental
  2319 | D:3      | Noticed an air elemental
  2319 | D:3      | Noticed a water elemental
  2417 | D:3      | Reached skill level 2 in Polearms
  2767 | D:4      | Found a staircase to the Ecumenical Temple.
  2779 | Temple   | Entered the Ecumenical Temple
  3012 | D:4      | You fall into a shaft and drop 3 floors!
  3012 | D:7      | Noticed a black bear
  3023 | D:7      | Noticed a sky beast
  3029 | D:7      | Noticed an ice beast
  3047 | D:7      | Noticed a black bear
  3280 | D:5      | Entered Level 5 of the Dungeon
  3284 | D:5      | Noticed a water moccasin
  3292 | D:5      | Killed a water moccasin
  3293 | D:5      | Reached skill level 3 in Polearms
  3293 | D:5      | Gained mutation: Your touch may inflict minor irresistible
                  | damage on your foes. [demonic ancestry]
  3293 | D:5      | Reached XP level 6. HP: 17/44 MP: 6/6
  3579 | D:6      | Noticed a vampire
  3633 | D:6      | Found a glowing drain.
  3647 | Sewer    | Entered a sewer
  3677 | Sewer    | Noticed a water moccasin
  3689 | Sewer    | Killed a water moccasin
  3690 | Sewer    | Reached skill level 5 in Stealth
  3846 | D:5      | Reached skill level 4 in Polearms
  3846 | D:5      | Gained mutation: Your touch may inflict irresistible damage
                  | on your foes. [demonic ancestry]
  3846 | D:5      | Reached XP level 7. HP: 49/50 MP: 7/7
  3896 | D:5      | Reached skill level 5 in Polearms
  4283 | D:4      | Reached skill level 6 in Polearms
  4580 | D:5      | Gained mutation: You may rarely emit foul miasma when
                  | damaged in melee. [demonic ancestry]
  4580 | D:5      | Reached XP level 8. HP: 54/57 MP: 8/8
  4641 | D:5      | Reached skill level 1 in Armour
  5330 | D:5      | Found an ornate altar of the Wu Jian Council.
  6285 | D:7      | Reached skill level 7 in Polearms
  6691 | D:7      | Gained mutation: Your touch may irresistibly damage your
                  | foes and sap their willpower. [demonic ancestry]
  6691 | D:7      | Reached XP level 9. HP: 65/65 MP: 9/9
  6884 | D:8      | Noticed Gastronok
  7178 | D:8      | Noticed a two-headed ogre
  7226 | D:8      | Noticed a two-headed ogre
  7235 | D:8      | Slain by a two-headed ogre

Illustrated notes

Levels and vault maps discovered:
D:1:      dpeg_arrival_shrine, layout_basic, chequers_ecumenical_altar_grove
D:2:      layout_loops_ring, grunt_ministairs_14, nrook_campfire, uniq_sigmund,
          uniq_jessica
D:3:      layout_rooms, grunt_temple_overflow_open,
          nicolae_qazlal_style_of_elements, serial_forest,
          infiniplex_forest_clump_double, infiniplex_forest_clump_diagonal,
          infiniplex_forest_end_2, infiniplex_forest_diagonal,
          infiniplex_forest_side_room, infiniplex_forest_end_double,
          serial_shops, nicolae_lakefront_shop, kennysheep_nub
D:4:      layout_basic, minmay_temple_entry_proselytizer
D:5:      layout_loops_ring, nicolae_wu_jian_immortal_techniques
D:6:      layout_basic, cheibrodos_sewer_entry_drain
D:7:      layout_basic, hangedman_abyss_or_decor_lesser_grid
D:8:      layout_gridville, erik_lair_orcish_takeover, serial_shops,
          nicolae_shop_statue_plus, kennysheep_pointless_box, uniq_gastronok,
          uniq_grum
Temple:   nicolae_temple_elliptical

Skill      XL: |  1  2  3  4  5  6  7  8  9 |
---------------+----------------------------+-----
Stealth        | 1 2 3 4 5 |  5.0
Dodging        | 2 3 4 |  4.0
Crossbows      | 4 |  4.3
Polearms       | 1 3 4 6 7 |  7.9
Armour         | 2 3 |  3.3
Fighting       | 4 |  4.4

Action                   |  1- 3 |  4- 6 |  7- 9 || total
-------------------------+-------+-------+-------++-------
Melee: Dagger            |     1 |       |       ||     1
       Trident           |       |   123 |   160 ||   283
       Punch             |       |     1 |       ||     1
       Touch             |       |     2 |    15 ||    17
 Fire: Hand crossbow     |    64 |    80 |   127 ||   271
Evoke: Wand              |       |       |     1 ||     1
  Use: Scroll            |       |     4 |     4 ||     8
       Potion            |       |     1 |     2 ||     3
Armor: Leather armour    |    11 |     4 |       ||    15
       Ring mail         |       |    19 |    18 ||    37
       Scale mail        |       |       |    16 ||    16
Dodge: Dodged            |     8 |    42 |    62 ||   112

Table legend: (Time is in decaauts)
 A = Elapsed time spent in this place.
 B = Non-inter-level travel time spent in this place.
 C = Inter-level travel time spent in this place.
 D = Time resting spent in this place.
 E = Time spent auto-exploring this place.
 F = Levels seen in this place.
 G = Mean time per level.
                   A        B        C        D        E       F      G
               +--------+--------+--------+--------+--------+-----+--------+
         Total |   7311 |   6911 |    400 |    662 |   4456 |  10 |  731.1 |
       Dungeon |   6932 |   6554 |    378 |    621 |   4251 |   8 |  866.5 |
        Temple |    212 |    190 |     22 |      0 |    174 |   1 |  212.0 |
         Sewer |    166 |    166 |      0 |     41 |     31 |   1 |  166.0 |
               +--------+--------+--------+--------+--------+-----+--------+

Top non-repeatable levels by time:
     D:2: 1199 daAuts
     D:5: 1142 daAuts
     D:6: 1000 daAuts
     D:7: 988 daAuts
     D:1: 881 daAuts
     D:4: 806 daAuts
     D:3: 686 daAuts
     D:8: 225 daAuts
  Temple: 212 daAuts
   Sewer: 166 daAuts
